 Dungeon Sprint DCSS version 0.22.1-2-g9c5b331383 (webtiles) character file.

458 Groucho the Unseen (level 6, -11/28 HPs)
             Began as a Spriggan Enchanter on Jan 5, 2019.
             Mangled by a tyrant leech (24 damage)
             ... in the Dungeon (Sprint II: "The Violet Keep of Menkaure").
             The game lasted 00:02:07 (710 turns).

Groucho the Unseen (Spriggan Enchanter)              Turns: 710, Time: 00:02:07

Health: -11/28     AC:  2    Str:  6    XL:     6   Next: 77%
Magic:  7/19       EV: 18    Int: 16    God:
Gold:   486        SH:  0    Dex: 17    Spells: 14/23 levels left

rFire    . . .     SeeInvis +   a - +1 dagger
rCold    . . .     Gourm    .   (shield restricted)
rNeg     . . .     Faith    .   b - +0 robe
rPois    .         Spirit   .   (helmet restricted)
rElec    .         Reflect  .   (no cloak)
rCorr    .         Harm     .   (gloves unavailable)
MR       +....     NoTele   +   (boots unavailable)
Stlth    ++++++....             (no amulet)
HPRegen  0.09/turn              (no ring)
MPRegen  0.16/turn              (no ring)

@: very quick
A: very small, unfitting armour, see invisible, herbivore, speed 3, slow
metabolism 2
a: no special abilities


You were in the Dungeon.
You were not hungry.

You visited 1 branch You collected 486 gold pieces.

Inventory:

Hand Weapons
 a - a +1 dagger (weapon)
Armour
 b - a +0 robe (worn)
Scrolls
 j - a scroll of blinking
Potions
 e - a potion of curing
 f - a potion of heal wounds
 g - a potion of haste
 h - 2 potions of magic
Comestibles
 d - a ration


   Skills:
 + Level 1.2 Short Blades
 + Level 3.0 Dodging
 + Level 15.5 Stealth
 + Level 9.1 Spellcasting
 + Level 9.4 Hexes


You had 14 spell levels left.
You knew the following spells:

 Your Spells              Type           Power        Failure   Level  Hunger
a - Corona                Hex            #####..      1%          1    None
b - Ensorcelled Hibernat  Hex/Ice        ###...       2%          2    None
c - Confuse               Hex            #####...     1%          3    #......
d - Dazzling Spray        Conj/Hex       ###...       4%          3    #......

Your spell library contained the following spells:

 Spells                   Type           Power        Failure   Level  Hunger
 Tukima's Dance           Hex            #####...     1%          3    #......


Dungeon Overview and Level Annotations

Branches:
Dungeon (1/1)

Altars:


Innate Abilities, Weirdness & Mutations

You are very small and have problems with some larger weapons.
You are too small for most types of armour.
You have supernaturally acute eyesight. (SInv)
You are a herbivore.
You cover ground extremely quickly.
You need to consume almost no food.


Message History

Aiming: Confuse (safe; 1% risk of failure)
Press: ? - help, Shift-Dir - straight line, f - tyrant leech, p - tyrant leech
Aim: a tyrant leech (chance to defeat MR: 48%)
The tyrant leech resists with some effort.
You hit the tyrant leech but do no damage.
The tyrant leech is heavily wounded.
The tyrant leech bites you!
Ouch! That really hurt!
The tyrant leech draws strength from your injuries!
Unknown command.
Unknown command.
There is an open door here.
You closely miss the tyrant leech.
The tyrant leech is heavily wounded.
You catch the helpless tyrant leech completely off-guard!
You impale the tyrant leech!!
The tyrant leech is almost dead.
The tyrant leech bites you!!
Ouch! That really hurt!
You die...

#''§# §§.
#'## #.##
##†.# ###
#..####
##†#
#+###÷#
#..###.##.#
+##.@ww.'##
#..###.##.#
##.# #'#
#.# ### $#.
## .. ..
##. .## ##
##


You could see 2 tyrant leeches.

Vanquished Creatures
  2 hippogriffs (D)
  4 worker ants (D)
  2 worms (D)
8 creatures vanquished.

Vanquished Creatures (others)
  Menkaure (D)
  2 crocodiles (D)
  A worm (D)
4 creatures vanquished.

Grand Total: 12 creatures vanquished

Notes
Turn   | Place    | Note
-------+----------+-------------------------------------------
     0 | D        | Groucho the Spriggan Enchanter began the quest for the Orb.
     0 | D        | Reached XP level 1. HP: 9/9 MP: 5/5
     1 | D        | Noticed a worker ant
     1 | D        | Noticed a worker ant
     6 | D        | Killed a worker ant
     6 | D        | Reached skill level 7 in Stealth
     6 | D        | Reached XP level 2. HP: 10/13 MP: 6/8
     8 | D        | Reached skill level 8 in Stealth
     8 | D        | Reached skill level 5 in Hexes
     8 | D        | Reached XP level 3. HP: 13/16 MP: 7/10
    28 | D        | Killed a crocodile
   104 | D        | Killed a crocodile
   135 | D        | Learned a level 2 spell: Ensorcelled Hibernation
   139 | D        | Learned a level 3 spell: Confuse
   143 | D        | Learned a level 3 spell: Dazzling Spray
   146 | D        | Reached skill level 9 in Stealth
   146 | D        | Reached skill level 5 in Spellcasting
   146 | D        | Reached XP level 4. HP: 21/21 MP: 12/12
   153 | D        | Reached skill level 10 in Stealth
   284 | D        | Noticed a hippogriff
   284 | D        | Noticed a hippogriff
   293 | D        | Killed a hippogriff
   293 | D        | Reached skill level 13 in Stealth
   293 | D        | Reached XP level 5. HP: 8/24 MP: 11/16
   293 | D        | Reached XP level 6. HP: 10/28 MP: 11/17
   296 | D        | Killed a hippogriff
   296 | D        | Reached skill level 15 in Stealth
   691 | D        | Noticed a flying skull
   692 | D        | Noticed a flying skull
   692 | D        | Noticed a flying skull
   693 | D        | Noticed a flying skull
   693 | D        | Noticed a flying skull
   693 | D        | Noticed a flying skull
   697 | D        | Killed Menkaure
   701 | D        | Noticed a tyrant leech
   701 | D        | Noticed a tyrant leech
   710 | D        | Mangled by a tyrant leech

Skill      XL: |  1  2  3  4  5  6 |
---------------+-------------------+-----
Stealth        | 7 8 9 13 15 | 15.5
Spellcasting   | 4 5 7 9 |  9.1
Hexes          | 4 5 8 9 |  9.4
Short Blades   | |  1.2
Dodging        | |  3.0

Action                   |  1- 3 |  4- 6 || total
-------------------------+-------+-------++-------
Melee: Dagger            |     7 |    15 ||    22
 Cast: Ensorcelled Hiber |       |     6 ||     6
       Confuse           |       |     2 ||     2
       Dazzling Spray    |       |     1 ||     1
  Use: Potion            |     1 |       ||     1
 Stab: Sleeping          |     1 |     5 ||     6
       Confused          |       |     2 ||     2
Dodge: Dodged            |     1 |    11 ||    12
